 Dungeon Crawl Stone Soup version 0.17.0-9-g801d43b (webtiles) character file.

112 JudasIscariot the Sneak (level 5, 0/32 HPs)
             Began as a Kobold Assassin on Nov 9, 2015.
             Succumbed to an adder's poison
             ... on level 5 of the Dungeon.
             The game lasted 00:08:05 (2761 turns).

JudasIscariot the Sneak (Kobold Assassin)           Turns: 2761, Time: 00:08:05

Health: 0/32       AC:  4    Str: 14    XL:     5   Next: 16%
Magic:  5/5        EV: 15    Int: 14    God:
Gold:   171        SH:  0    Dex: 18    Spells: 0 memorised, 4 levels left

rFire  . . .     SeeInvis .     i - +3 dagger
rCold  . . .     Clarity  .     m - +0 leather armour
rNeg   . . .     SustAt   .     (shield restricted)
rPois  .         Gourm    .     (no helmet)
rElec  .         Spirit   .     d - +0 cloak
rCorr  .         Warding  .     (no gloves)
rMut   .         Stasis   .     (no boots)
MR     .....                    (no amulet)
Stlth  ++++......               q - +4 ring of strength (curse)
                                n - ring of flight

@: brilliant, lethally poisoned (0 -> -5), very slightly contaminated, hasted,
invisible, very quick, not resistant to hostile enchantments, stealthy
A: carnivore 3
a: Evoke Flight


You were on level 5 of the Dungeon.
You were completely stuffed.

You visited 1 branch of the dungeon, and saw 5 of its levels.

You collected 171 gold pieces.

Inventory:

Hand Weapons
 a - a +2 dagger
 b - a +0 blowgun
 i - a +3 dagger (weapon)
Missiles
 e - 24 poisoned needles
 f - 2 curare-tipped needles
Armour
 c - a +0 robe
 d - a +0 cloak (worn)
 m - a +0 leather armour (worn)
Jewellery
 n - a ring of flight (left hand)
 q - a cursed +4 ring of strength (right hand)
Scrolls
 h - a scroll of blinking {unknown}
 k - 2 scrolls of recharging {unknown}
 r - a scroll of enchant armour {unknown}
Potions
 o - a potion of resistance
Comestibles
 g - 2 meat rations
 p - 2 beef jerkies
 v - a royal jelly


   Skills:
 * Level 2.8 Fighting
 * Level 3.0 Short Blades
 * Level 2.7 Throwing
 + Level 0.2 Armour
 * Level 2.3 Dodging
 * Level 7.1 Stealth


You had 4 spell levels left.
You didn't know any spells.

Dungeon Overview and Level Annotations

Branches:
Dungeon (5/15)
 Temple: D:4-7

Altars:
Ashenzari
Yredelemnul
The Shining One


Innate Abilities, Weirdness & Mutations

You are small and have problems with some larger weapons.
You are carnivorous and can eat meat at any time.


Message History

The adder is heavily wounded.
The adder barely misses you.
You miss the adder.
The adder is heavily wounded.
* * * LOW HITPOINT WARNING * * *
You feel sick. The adder bites you but does no damage.
The adder bites you but does no damage.
You miss the adder.
The adder is heavily wounded.
The adder barely misses you. The adder closely misses you.
You closely miss the adder.
The adder is heavily wounded.
The adder bites you but does no damage.
You closely miss the adder.
The adder is heavily wounded.
The adder barely misses you.
You catch the helpless adder completely off-guard!
You impale the adder!!
You kill the adder!
You die...

#..#
..#
...
..S
#.#
#h#
#S#
#@#
#†#
..#
###.
. ..
..
...


You could see a hound and 2 adders.

Vanquished Creatures
  A hound (D:4)
  3 adders
  A worm (D:3)
  An orc (D:3)
  5 giant cockroaches
  7 goblins
  6 hobgoblins
  3 jackals (D:3)
  5 kobolds
  A quokka (D:3)
  2 ball pythons
  8 bats
  2 giant newts
  6 rats
51 creatures vanquished.

Notes
Turn   | Place    | Note
--------------------------------------------------------------
     0 | D:1      | JudasIscariot the Kobold Assassin began the quest for the Orb.
     0 | D:1      | Reached XP level 1. HP: 12/12 MP: 1/1
   330 | D:1      | Reached XP level 2. HP: 18/18 MP: 2/2
   514 | D:1      | Reached skill level 6 in Stealth
   603 | D:1      | Reached XP level 3. HP: 22/22 MP: 3/3
   809 | D:1      | Found a glowing golden altar of the Shining One.
  1195 | D:2      | Found a shattered altar of Ashenzari.
  1256 | D:2      | Found a faded altar to an unknown god.
  1313 | D:2      | Reached XP level 4. HP: 18/27 MP: 4/4
  2455 | D:3      | Found a basalt altar of Yredelemnul.
  2733 | D:4      | Reached skill level 7 in Stealth
  2733 | D:4      | Reached XP level 5. HP: 32/32 MP: 5/5
  2745 | D:5      | Entered Level 5 of the Dungeon
  2757 | D:5      | HP: 1/32 [poisoned by an adder]
  2761 | D:5      | Succumbed to an adder's poison

Action                   |  1- 3 |  4- 6 || total
-------------------------+-------+-------++-------
Melee: Dagger            |    86 |    64 ||   150
  Use: Potion            |       |     7 ||     7
 Stab: Sleeping          |     6 |    12 ||    18
       Invisible         |       |     1 ||     1
  Eat: Chunk             |    10 |     4 ||    14
